 Dungeon Crawl Stone Soup version 0.30-a0-737-gf23d94013f (webtiles) character file.

Game seed: 12124032630802874447

179 Atelerd the Digger (level 5, -2/31 HPs)
             Began as an Octopode Earth Elementalist on Feb 2, 2023.
             Killed from afar by Natasha (8 damage)
             ... with a magic dart
             ... on level 3 of the Dungeon.
             The game lasted 00:04:22 (2825 turns).

Atelerd the Digger (Octopode Earth Elementalist)    Turns: 2825, Time: 00:04:23

Health: -2/31      AC:  1    Str:  8    XL:     5   Next: 59%
Magic:  10/19      EV: 13    Int: 17    God:
Gold:   103        SH:  0    Dex: 14    Spells: 5/10 levels left

rFire   . . .      SeeInvis .    d - +0 dagger
rCold   . . .      Faith    +    (no shield)
rNeg    . . .      Spirit   .    (helmet restricted)
rPois   .          Reflect  .    j
                                   - Hermit's Pendant {Faith Invo=14 Evo=0 MP+5}
rElec   .          Harm     .    (no ring)
rCorr   .          Rampage  .    (no ring)
Will    .....                    (no ring)
Stlth   +++                      (no ring)
HPRegen 0.25/turn                (no ring)
MPRegen 0.16/turn                (no ring)
                                 (no ring)
                                 (no ring)

@: slowed, very slow
A: almost no armour, amphibious, 8 rings, camouflage 1, gelatinous body 1,
(nimble swimmer 1), tentacles
a: no special abilities


You were on level 3 of the Dungeon.
You visited 1 branch of the dungeon, and saw 3 of its levels.

You collected 103 gold pieces.

Inventory:

Hand Weapons
 d - a +0 dagger (weapon)
Jewellery
 j - the Hermit's Pendant (around mantle) {Faith Invo=14 Evo=0 MP+5}
   (You found it on level 2 of the Dungeon)

   [amulet of faith]

   Invo=14: It sets your Invocations skill to 14.
   Evo=0: It sets your Evocations skill to 0.
   It allows you to gain divine favour quickly.
   MP:        It affects your magic capacity (+5).
Scrolls
 c - 2 scrolls of vulnerability {unknown}
 e - a scroll of noise {unknown}
 f - a scroll of poison {unknown}
 g - 4 scrolls of identify {unknown}
 i - a scroll of magic mapping {unknown}
 k - 2 scrolls of enchant armour {unknown}
 l - a scroll of amnesia {unknown}
 m - 2 scrolls of silence {unknown}
Potions
 a - a potion of magic
 b - 3 potions of degeneration {unknown}
 h - 3 potions of curing {unknown}
 n - a potion of flight {unknown}


   Skills:
 - Level 2.1 Dodging
 - Level 2.6 Stealth
 + Level 3.1 Spellcasting
 - Level 3.0 Transmutations
 * Level 4.5 Earth Magic


You had 5 spell levels left.
You knew the following spells:

 Your Spells              Type           Power      Damage    Failure   Level
a - Sandblast             Erth           36%        2d10      2%          1
p - Petrify               Tmut/Erth      15%        N/A       36%         4

Your spell library contained the following spells:

 Spells                   Type           Power      Damage    Failure   Level
 Passwall                 Tmut/Erth      12%        N/A       5%          2
 Stone Arrow              Conj/Erth      20%        3d8       21%         3
 Tukima's Dance           Hex            2%         N/A       45%         3
 Vhi's Electric Charge    Tloc/Air       4%         N/A       45%         3
 Passage of Golubria      Tloc           2%         N/A       86%         4
 Sticky Flame             Conj/Fire      2%         2d3       86%         4
 Yara's Violent Unravell  Hex/Tmut       3%         3d4       95%         5
 Arcjolt                  Conj/Air       1%         1d11      99%         5
 Maxwell's Capacitive Co  Air            1%         ∞         100%        8
 Necromutation            Tmut/Necr      3%         N/A       100%        8


Dungeon Overview and Level Annotations

Branches:
Dungeon (3/15)

Altars:

Annotations:
D:3 Natasha


Innate Abilities, Weirdness & Mutations

You cannot wear most types of armour.
You are amphibious.
You can wear up to eight rings at the same time.
Your skin changes colour to match your surroundings (Stealth+).
Your rubbery body absorbs attacks. (AC +1, EV +1)
((You are camouflaged when in or above water. (Stealth+)))
You have tentacles for arms and can constrict up to eight enemies at once.


Message History

The orc is severely wounded.
You constrict the orc.
Natasha, Servant of Life and Death comes into view.
The orc hits you with a +3 dagger.
* * * LOW HITPOINT WARNING * * *
Casting: Sandblast (safe; 2% risk of failure)
Confirm with . or Enter, or press ? or * to list all spells.
Aiming: Sandblast (safe; 2% risk of failure)
Press: ? - help, Shift-Dir - straight line, f/p - orc
Aim: an orc, wielding a +3 dagger and wearing a +2 ring mail of cold resistance (almost dead, constricted by you, 100% to hit)
The blast of sand hits the orc.
You kill the orc!
Unknown command.
You aren't carrying any items that you can evoke.
Casting: Sandblast (safe; 2% risk of failure)
Confirm with . or Enter, or press ? or * to list all spells.
The spell is astonishingly dangerous to miscast (36% risk of failure)!
Continue anyway?
Aiming: Petrify (astonishingly dangerous; 36% risk of failure)
Press: ? - help, Shift-Dir - straight line, f - Natasha
Aim: Natasha (chance to affect: 49%)
Okay, then.
Casting: Petrify (astonishingly dangerous; 36% risk of failure)
Confirm with . or Enter, or press ? or * to list all spells.
Aiming: Sandblast (safe; 2% risk of failure)
Press: ? - help, Shift-Dir - straight line, f - Natasha
Aim: Natasha (77% to hit)
The blast of sand hits Natasha!
Natasha is almost dead.
Natasha casts a spell at you.
You feel yourself slow down.
Unknown command.
Casting: Sandblast (safe; 2% risk of failure)
Confirm with . or Enter, or press ? or * to list all spells.
Aiming: Sandblast (safe; 2% risk of failure)
Press: ? - help, Shift-Dir - straight line, f/p - Natasha
Aim: Natasha (almost dead, 77% to hit)
The blast of sand misses Natasha.
Natasha stares at you and mumbles some strange words.
The magic dart hits you!
You die...

#######..# ######.# #
#..###### ##......# #
#.......# #..######
##....#.# #####.##
####...# #.....# # ##..#
#.....# # ###..#
##.....###### #
#....###)..........# #
#.#....@)..........# #
#.####..#..........# # #.#
#.h#..........# #
g######.####..####.......#
# ............>.#
#.......# #
########.###.## #.......#
# ####..........#
#.......# #
#.....###.###.# #.......#
# #.##..# #... #.......#


You could see Natasha.

Vanquished Creatures
  Terence (D:3)
  An iguana (D:2)
  Natasha (D:3)
  Robin (D:2)
  2 adders
  2 dart slugs
  5 orcs (D:3)
  3 ball pythons
  5 bats
  5 endoplasms
  A giant cockroach (D:3)
  11 goblins
  7 hobgoblins
  7 jackals (D:3)
  2 quokkas
  2 frilled lizards (D:3)
  2 kobolds (D:1)
  3 rats
61 creatures vanquished.

Notes
Turn   | Place    | Note
-------+----------+-------------------------------------------
     0 | D:1      | Atelerd the Octopode Earth Elementalist began the quest for
                  | the Orb.
     0 | D:1      | Reached XP level 1. HP: 11/11 MP: 3/3
   328 | D:1      | Reached XP level 2. HP: 17/17 MP: 1/5
  1052 | D:2      | Reached XP level 3. HP: 4/21 MP: 0/6
  1334 | D:2      | Found the Hermit's Pendant {Faith Invo=14 Evo=0 MP+5}
  1628 | D:2      | Reached XP level 4. HP: 27/27 MP: 13/13
  1811 | D:2      | Noticed Robin
  1816 | D:2      | Killed Robin
  1817 | D:2      | Reached skill level 4 in Earth Magic
  2241 | D:3      | Noticed Terence
  2248 | D:3      | Learned a level 4 spell: Petrify
  2260 | D:3      | Killed Terence
  2261 | D:3      | Reached XP level 5. HP: 5/31 MP: 8/14
  2393 | D:3      | Noticed Natasha
  2704 | D:3      | Got the Commentary on the Exothermic Autopsy
  2711 | D:3      | Killed Natasha
  2822 | D:3      | Noticed Natasha
  2825 | D:3      | Killed from afar by Natasha

Illustrated notes

Levels and vault maps discovered:
D:1:      saegor_arrival_simple_d, layout_loops_ring, bh_walls_and_bars
D:2:      layout_basic, uniq_robin
D:3:      layout_basic, uniq_natasha, uniq_terence, uniq_jessica

Skill      XL: |  1  2  3  4  5 |
---------------+----------------+-----
Transmutations | 2 3 |  3.0
Earth Magic    | 4 |  4.5
Spellcasting   | 3 |  3.1
Dodging        | |  2.1
Stealth        | |  2.6

Action                     |  1- 3 |  4- 6 || total
---------------------------+-------+-------++-------
  Melee: Unarmed           |     3 |       ||     3
         Dagger            |    19 |    17 ||    36
         Tentacles         |     5 |     2 ||     7
         Constrict         |     4 |     5 ||     9
         Punch             |     1 |       ||     1
   Cast: Sandblast         |    31 |    60 ||    91
         Petrify           |       |     1 ||     1
  Evoke: Wand              |       |     1 ||     1
   Stab: Sleeping          |     3 |     4 ||     7
 Armour: Skin              |     4 |       ||     4
  Dodge: Dodged            |    21 |    25 ||    46

Table legend: (Time is in decaauts)
 A = Elapsed time spent in this place.
 B = Non-inter-level travel time spent in this place.
 C = Inter-level travel time spent in this place.
 D = Time resting spent in this place.
 E = Time spent auto-exploring this place.
 F = Levels seen in this place.
 G = Mean time per level.
                   A        B        C        D        E       F      G
               +--------+--------+--------+--------+--------+-----+--------+
         Total |   2869 |   2816 |     53 |    341 |   2085 |   3 |  956.3 |
       Dungeon |   2869 |   2816 |     53 |    341 |   2085 |   3 |  956.3 |
               +--------+--------+--------+--------+--------+-----+--------+

Top non-repeatable levels by time:
     D:2: 1151 daAuts
     D:1: 947 daAuts
     D:3: 770 daAuts
